 Dungeon Crawl Stone Soup version 0.28-a0-863-g8cecda6153 (webtiles) character file.

Game seed: 11145592544503085535

10397 wakim the Grappler (level 11, -1/115 HPs)
             Began as a Troll Hunter on Nov 17, 2021.
             Was a Believer of Wu Jian.
             Killed from afar by an acid dragon (37 damage)
             ... with a splash of acid
             ... on level 11 of the Dungeon.
             The game lasted 00:28:01 (10264 turns).

wakim the Grappler (Troll Hunter)                  Turns: 10264, Time: 00:28:02

Health: -1/115     AC:  4    Str: 22    XL:     11   Next: 35%
Magic:  10/10      EV: 12    Int:  7    God:    Wu Jian [**....]
Gold:   422        SH:  0    Dex: 13    Spells: 10/10 levels left

rFire   . . .      SeeInvis .     - Unarmed
rCold   . . .      Faith    .   (no shield)
rNeg    . . .      Spirit   .   l - +2 robe {Will+}
rPois   .          Reflect  .   (helmet restricted)
rElec   .          Harm     .   y - +1 cloak
rCorr   .          Rampage  .   (gloves unavailable)
Will    +....                   (boots unavailable)
Stlth   +.........              g - amulet of regeneration
HPRegen 2.29/turn               e - +4 ring of slaying
MPRegen 0.12/turn               (no ring)

@: corroded
A: large, unfitting armour, claws 3, regeneration 1, shaggy fur 1, tough skin 1
a: Renounce Religion, Wall Jump


You were on level 11 of the Dungeon.
You worshipped Wu Jian.
Wu Jian was pleased with you.
You visited 2 branches of the dungeon, and saw 12 of its levels.

You collected 541 gold pieces.
You spent 119 gold pieces at shops.

Inventory:

Missiles
 c - 9 large rocks {=f}
 d - 4 throwing nets {=f!f}
 j - 3 boomerangs
 o - 2 poisoned darts
 s - 276 stones (quivered)
Armour
 l - a +2 robe of willpower (worn)
 n - a +0 troll leather armour
 y - a +1 cloak (worn)
Jewellery
 e - a +4 ring of slaying (left claw)
 g - an amulet of regeneration (around neck)
Wands
 t - a wand of digging (4)
 u - a wand of mindburst (9)
 v - a wand of flame (34)
 x - a wand of iceblast (7)
Scrolls
 a - 2 scrolls of amnesia {unknown}
 f - a scroll of immolation {unknown}
 i - a scroll of silence {unknown}
 k - 2 scrolls of acquirement {unknown}
 m - a scroll of brand weapon {unknown}
 p - a scroll of holy word {unknown}
 q - 2 scrolls of enchant armour {unknown}
 R - 3 scrolls of magic mapping {!r}
 T - 4 scrolls of teleportation
Potions
 b - a potion of berserk rage {!q}
 h - a potion of mutation {unknown}
 E - a potion of cancellation
 F - 4 potions of curing
 G - 2 potions of flight
 H - 2 potions of haste
 L - 3 potions of lignification {!q}
 N - 3 potions of might


   Skills:
 * Level 9.0 Fighting
 + Level 7.0 Throwing
 + Level 5.6 Dodging
 - Level 0.3 Stealth
 * Level 11.4 Unarmed Combat


You had 10 spell levels left.
You didn't know any spells.
Your spell library contained the following spells:

 Spells                   Type           Power      Damage    Failure   Level
 Magic Dart               Conj           0%         1d3       43%         1
 Slow                     Hex            0%         N/A       43%         1
 Searing Ray              Conj           0%         2d4       56%         2
 Call Canine Familiar     Summ           0%         N/A       80%         3
 Confusing Touch          Hex            0%         N/A       80%         3
 Ozocubu's Armour         Ice            0%         N/A       80%         3
 Portal Projectile        Hex/Tloc       0%         N/A       80%         3
 Vampiric Draining        Necr           0%         2d6       80%         3
 Fulminant Prism          Conj/Hex       0%         3d6       99%         4
 Leda's Liquefaction      Hex/Erth       0%         N/A       99%         4
 Summon Ice Beast         Ice/Summ       0%         N/A       99%         4
 Summon Mana Viper        Hex/Summ       0%         N/A       100%        5
 Monstrous Menagerie      Summ           0%         N/A       100%        7
 Ozocubu's Refrigeration  Ice            0%         4d5       100%        7


Dungeon Overview and Level Annotations

Branches:
Dungeon (11/15)            Temple (1/1) D:7            Lair (0/6) D:10
    Orc: D:9-12

Altars:
Ashenzari
Cheibriados
Dithmenos
Elyvilon
Fedhas
Gozag
Hepliaklqana
Kikubaaqudgha
Makhleb
Nemelex Xobeh
Okawaru
Qazlal
Ru
Sif Muna
Trog
Uskayaw
Vehumet
Wu Jian
Xom
Yredelemnul
Zin
The Shining One

Shops:
D:6 (   D:7 ?

Annotations:
D:6 dig hydra


Innate Abilities, Weirdness & Mutations

You are too large for most types of armour.
You have claws for hands.
Your natural rate of healing is unusually fast.
You are covered in fur. (AC +1)
You have tough skin. (AC +1)


Message History

You miss the killer bee. The killer bee stings you.
The killer bee closely misses you.
You mangle the killer bee!!
You kill the killer bee!
The Council accepts your kill.
An orc comes into view. It is wielding a +0 club.
The orc shouts!
An orc comes into view. It is wielding a +0 flail.
You barely miss the orc. You scratch the orc. You claw the orc.
You kill the orc!
The Council accepts your kill.
An acid dragon comes into view.
The acid dragon spits acid at you. The splash of acid hits you!!
Things that are here:
a +0 club; a +1 scimitar of flaming You lunge at the orc.
You barely miss the orc. The orc closely misses you.
The acid dragon spits acid at you. The splash of acid hits you!!
The acid corrodes you!
You claw the orc!
You kill the orc!
The Council accepts your kill. The acid dragon bites you!
The acid dragon closely misses you. The six-headed hydra bites you!
* * * LOW HITPOINT WARNING * * *
The six-headed hydra bites you but does no damage.
The six-headed hydra bites you!
* * * LOW HITPOINT WARNING * * *
The six-headed hydra bites you.
* * * LOW HITPOINT WARNING * * *
The six-headed hydra barely misses you. The six-headed hydra misses you.
You spin and attack the acid dragon repeatedly.
You scratch the acid dragon but do no damage.
Your claw misses the acid dragon. You claw the acid dragon!
Your claw misses the acid dragon.
The acid dragon is heavily wounded.
The acid dragon spits acid at you. The splash of acid hits you!!!
You die...

..........Dy.#
######.####.#
#.# #.# #K# #.#
#K# #y# #y# #.#
#D# #K# ##.#
#K#
#######D@####.#
..............#
#######.#######
#.# #.# ..# ###


You could see a six-headed hydra, an acid dragon (catching breath), a kobold
brigand, a killer bee and a kobold.

Vanquished Creatures
  2 two-headed ogres
  Pikel (D:6)
  A deep elf pyromancer (D:7)
  A gargoyle (D:10)
  A komodo dragon (D:10)
  An efreet (D:11)
  2 trolls
  A hornet (D:9)
  A vampire (D:10)
  A shadow (D:10)
  Eustachio (D:6)
  3 vampire mosquitoes (D:10)
  Menkaure (D:6)
  An acid dragon (D:10)
  4 water moccasins
  An ice beast (D:8)
  4 orc warriors
  A black bear (D:6)
  2 hornet zombies (D:6)
  A sky beast (D:8)
  4 necrophages
  6 ogres
  A centaur (D:8)
  A lemure (D:5)
  4 phantoms
  2 bullfrogs
  A scorpion (D:5)
  A water moccasin zombie (D:7)
  2 wyvern skeletons
  2 water moccasin skeletons (D:6)
  12 killer bees
  4 wights (D:6)
  2 electric eels (D:6)
  2 howler monkeys
  5 bullfrog zombies
  6 centaur zombies
  A lava snake (D:7)
  A jelly (D:6)
  5 orc priests
  2 hounds
  Crazy Yiuf (D:6)
  4 centaur skeletons
  2 gnoll shamans
  Jessica (D:3)
  5 iguanas
  9 orc wizards
  A killer bee zombie (D:8)
  A hound skeleton (D:5)
  11 gnolls
  2 howler monkey skeletons
  7 adders
  A shadow imp (D:7)
  A white imp (D:7)
  2 ufetubi
  2 dart slugs
  40 orcs
  7 ball pythons
  6 endoplasms
  2 giant cockroaches
  3 goblins
  3 hobgoblins
  4 jackals (D:4)
  11 kobolds
  3 quokkas
  4 bats
  6 frilled lizards
  5 rats
  A spectral goblin (D:2)
240 creatures vanquished.

Vanquished Creatures (others)
  5 plants
  A withered plant (D:6)
6 creatures vanquished.

Grand Total: 246 creatures vanquished

Notes
Turn   | Place    | Note
-------+----------+-------------------------------------------
     0 | D:1      | wakim the Troll Hunter began the quest for the Orb.
     0 | D:1      | Reached XP level 1. HP: 19/19 MP: 0/0
   160 | D:1      | Reached skill level 1 in Unarmed Combat
   161 | D:1      | Reached XP level 2. HP: 28/28 MP: 1/1
   733 | D:2      | Reached skill level 2 in Unarmed Combat
   743 | D:2      | Reached XP level 3. HP: 34/35 MP: 2/2
   805 | D:2      | Found a faded altar of an unknown god.
  1307 | D:3      | Reached XP level 4. HP: 44/44 MP: 3/3
  1326 | D:3      | Noticed Jessica
  1331 | D:3      | Killed Jessica
  1332 | D:3      | Reached skill level 3 in Unarmed Combat
  1408 | D:3      | Found a sacrificial altar of Ru.
  1838 | D:4      | Reached XP level 5. HP: 48/50 MP: 2/4
  2050 | D:4      | Reached skill level 4 in Unarmed Combat
  2216 | D:4      | Noticed a necrophage
  2227 | D:4      | Killed a necrophage
  2228 | D:4      | Reached XP level 6. HP: 61/61 MP: 5/5
  2717 | D:5      | Entered Level 5 of the Dungeon
  2900 | D:5      | Reached skill level 5 in Unarmed Combat
  3081 | D:5      | Reached XP level 7. HP: 43/68 MP: 3/6
  3156 | D:5      | Reached skill level 6 in Unarmed Combat
  3828 | D:6      | Reached skill level 7 in Unarmed Combat
  3831 | D:6      | Reached XP level 8. HP: 78/79 MP: 5/7
  3923 | D:6      | Reached skill level 5 in Fighting
  4339 | D:6      | Noticed Eustachio
  4354 | D:6      | Killed Eustachio
  4356 | D:6      | Found Puexuc's Hydra Hut.
  4380 | D:6      | Reached skill level 8 in Unarmed Combat
  4442 | D:6      | Reached XP level 9. HP: 89/89 MP: 8/8
  4448 | D:6      | Noticed a six-headed hydra
  4621 | D:6      | Noticed Pikel
  4803 | D:6      | Killed Pikel
  4804 | D:6      | Reached skill level 5 in Throwing
  4828 | D:6      | Noticed Menkaure
  4849 | D:6      | Killed Menkaure
  5065 | D:6      | Reached skill level 9 in Unarmed Combat
  5110 | D:6      | Found a runed translucent door.
  5111 | D:6      | Noticed Crazy Yiuf
  5118 | D:6      | Killed Crazy Yiuf
  5440 | D:7      | Found Unkyela's Magic Scroll Shoppe.
  5946 | D:7      | Bought a scroll of identify for 28 gold pieces
  5946 | D:7      | Bought a scroll of magic mapping for 49 gold pieces
  5946 | D:7      | Bought a scroll of teleportation for 42 gold pieces
  6007 | D:7      | Found a staircase to the Ecumenical Temple.
  6067 | Temple   | Entered the Ecumenical Temple
  6441 | Temple   | Became a worshipper of the Wu Jian Council
  6839 | D:7      | Reached XP level 10. HP: 93/102 MP: 6/9
  6919 | D:7      | Noticed a two-headed ogre
  7038 | D:7      | Killed a two-headed ogre
  7134 | D:7      | Reached skill level 10 in Unarmed Combat
  7265 | D:7      | Noticed a deep elf pyromancer
  7286 | D:7      | Killed a deep elf pyromancer
  7422 | D:8      | Reached * piety under Wu Jian
  8179 | D:8      | Reached skill level 5 in Dodging
  8951 | D:9      | Noticed a two-headed ogre
  8964 | D:9      | Killed a two-headed ogre
  9013 | D:9      | Reached XP level 11. HP: 113/113 MP: 10/10
  9032 | D:9      | Reached skill level 11 in Unarmed Combat
  9325 | D:10     | Entered Level 10 of the Dungeon
  9482 | D:10     | Found a staircase to the Lair.
  9641 | D:10     | Reached ** piety under Wu Jian
 10228 | D:11     | Noticed a six-headed hydra
 10264 | D:11     | Killed from afar by an acid dragon

Illustrated notes

Levels and vault maps discovered:
D:1:      evilmike_arrival_rings, layout_loops_cross
D:2:      layout_rooms, dreamdust_ecumenical_altar_drowned_temple
D:3:      layout_basic, lemuel_doored_altar, uniq_jessica
D:4:      layout_layer_cave
D:5:      layout_loops_corners
D:6:      layout_rooms, serial_undead, serial_undead_c, serial_undead_d,
          serial_undead_b, serial_undead_d, st_stairs_14,
          corexii_leaking_fountain, fountainhead, fountainhead,
          minmay_misc_feat_hallway, doesnt_shop_hydraphobe, uniq_menkaure,
          uniq_eustachio, uniq_crazy_yiuf_cottage, uniq_pikel
D:7:      minmay_slanted_spiral_squares, layout_basic,
          minmay_temple_entry_enclosed_plants, serial_shops,
          nicolae_inconvenience_store
D:8:      layout_layer_cave
D:9:      layout_rooms
D:10:     layout_irregular_city, david_lair_shrubbed, minmay_misc_feat_iff
D:11:     layout_loops_ring, david_orc_1_choice, muffindrake_ghost_dual_entry,
          kennysheep_generic_room_14
Temple:   mainiacjoe_temple_trianglar_array

Skill      XL: |  1  2  3  4  5  6  7  8  9 10 11 |
---------------+----------------------------------+-----
Unarmed Combat | 1 2 3 4 5 7 8 9 10 11 | 11.4
Fighting       | 2 3 4 5 7 8 9 |  9.0
Dodging        | 2 3 4 5 |  5.6
Throwing       | 4 5 6 7 |  7.0
Stealth        | |  0.3

Action                   |  1- 3 |  4- 6 |  7- 9 | 10-12 || total
-------------------------+-------+-------+-------+-------++-------
Melee: Unarmed           |   103 |    95 |   259 |   293 ||   750
       Punch             |       |     1 |    11 |    21 ||    33
Throw: Stone             |    39 |    57 |   143 |    21 ||   260
       Dart              |       |       |       |     1 ||     1
Invok: Whirlwind         |       |       |       |    81 ||    81
       Lunge             |       |       |       |    23 ||    23
Evoke: Wand              |       |       |     1 |       ||     1
  Use: Scroll            |       |       |     5 |     2 ||     7
 Stab: Sleeping          |     1 |     1 |     1 |       ||     3
Armor: Robe              |    33 |    28 |    93 |    90 ||   244
Dodge: Dodged            |    40 |    54 |   142 |    98 ||   334

Table legend: (Time is in decaauts)
 A = Elapsed time spent in this place.
 B = Non-inter-level travel time spent in this place.
 C = Inter-level travel time spent in this place.
 D = Time resting spent in this place.
 E = Time spent auto-exploring this place.
 F = Levels seen in this place.
 G = Mean time per level.
                   A        B        C        D        E       F      G
               +--------+--------+--------+--------+--------+-----+--------+
         Total |  10170 |   9781 |    389 |    290 |   7457 |  12 |  847.5 |
       Dungeon |   9673 |   9306 |    367 |    290 |   7034 |  11 |  879.4 |
        Temple |    496 |    474 |     22 |      0 |    423 |   1 |  496.0 |
               +--------+--------+--------+--------+--------+-----+--------+

Top non-repeatable levels by time:
     D:7: 1687 daAuts
     D:8: 1359 daAuts
     D:5: 1330 daAuts
     D:6: 1108 daAuts
     D:4: 1008 daAuts
    D:10: 870 daAuts
     D:1: 723 daAuts
     D:9: 545 daAuts
     D:2: 514 daAuts
  Temple: 496 daAuts
     D:3: 466 daAuts
    D:11: 59 daAuts
